Map: Remanso LE

Players

IagoAbreu

  • Race: Terran Terran
  • League: Silver
  • Spawn Location: 5:00

SlyFox

  • Race: Protoss Protoss
  • League: Silver
  • Spawn Location: 11:00

VOD

Have the link to the VOD?

Description

Time

  • Played on: March 9, 2018, 3:21 p.m.
  • Length: 8:48
Show
View Real Time Build Order
Export as new Build Order

IagoAbreu Terran 

Build Orders:  

Get SALT Encoding   

  12  0:06  SCV  
  13  0:14  Supply Depot  
  13  0:19  SCV  
  14  0:34  SCV  
  15  0:37  Supply Depot  
  15  0:47  Barracks  
  15  0:55  Refinery  
  15  0:58  SCV  
  16  1:10  Engineering Bay  
  16  1:14  Engineering Bay  
  16  1:16  SCV  
  17  1:24  Refinery  
  17  1:28  SCV  
  18  1:53  Barracks  
  18  2:03  SCV  
  19  2:12  Terran Infantry Weapons Level 1  
  19  2:14  Barracks Reactor  
  19  2:18  Orbital Command  
  19  2:42  Barracks Reactor  
  19  2:43  Factory  
  19  2:57  Reaper x2  
  21  3:01  SCV  
  22  3:13  SCV  
  23  3:22  Reaper x2  
  23  3:25  SCV  
  26  3:34  Reaper x2  
  26  3:37  SCV  
  29  4:16  Reaper x2  
  29  4:17  Reaper  
  31  4:26  Reaper  
  31  4:28  Supply Depot  
  31  4:30  Factory Reactor  
  30  4:52  Supply Depot  
  26  5:11  Reaper x4  
  28  6:08  Marine x4  
  31  6:26  Marine x4  
  31  6:31  Hellion x2  
  37  6:43  Marine  
  37  6:44  Marine x3  
  37  7:01  Marine x2  
  37  7:02  Marine x2  
  33  7:31  Marine x3  
  33  7:32  Marine  
  33  7:36  Hellion x2  
  36  7:49  Marine x4  
  40  7:57  Hellion x2  
  54  8:35  Armory  
  54  8:42  Starport  
  54  8:43  Starport  
Show
View Real Time Build Order
Export as new Build Order

SlyFox Protoss 

Build Orders:  

Get SALT Encoding   

  12  0:02  Probe  
  13  0:14  Probe  
  14  0:26  Probe  
  15  0:29  Pylon  
  15  0:47  Probe  
  16  0:50  Gateway  
  16  0:59  Gateway, Probe  
  17  1:28  Probe  
  18  1:39  Zealot  
  20  1:41  Probe  
  21  1:53  Probe  
  22  2:05  Probe  
  23  2:27  Assimilator  
  23  2:31  Assimilator  
  23  3:02  Nexus  
  23  3:16  Pylon  
  23  3:19  Pylon  
  23  3:34  Zealot x2, Probe  
  28  3:46  Assimilator, Probe  
  29  3:51  Assimilator  
  28  4:01  Zealot x2  
  30  4:28  Zealot x2  
  34  4:55  Zealot x2, Probe  
  37  5:07  Probe  
  38  5:20  Probe  
  39  5:22  Zealot x2  
  40  5:32  Probe  
  40  5:44  Probe x2  
  40  5:49  Zealot x2  
  45  5:56  Probe  
  45  6:08  Probe  
  46  6:16  Zealot x2  
  50  6:20  Probe  
  45  6:29  Probe  
  40  6:41  Probe  
  40  6:42  Pylon  
  40  6:43  Zealot x2  
  40  6:45  Pylon  
  43  6:54  Probe  
  42  7:06  Probe  
  41  7:18  Probe  
  38  7:30  Probe  
  38  7:35  Zealot x2  
  35  7:42  Probe  
  32  7:54  Probe  
  27  8:02  Zealot x2  
  25  8:23  Nexus  
  25  8:28  Pylon  
  25  8:31  Pylon  
Tags
 
Add a new tag
Caveats
  • Supply blocks, unpowered buildings, or Contaminate may cause inaccurate times.
  • Supply counts are checked every 10 seconds.